AoeStats
← Ronk999

Arabia

509631780Analyzed
4v4 RM · 4d ago on Sep 27, 2026· 55m 48s· 8 players
Game mode
Random Map
Map size
Large (8 player)
Population
200
Speed
Normal
Resources
Standard
Victory
Conquest
Starting age
Dark Age
Ending age
Imperial Age
RankedLock teamsTeams togetherTeam positionsShared explorationLock speedFull tech treeHidden civsTurbo modeCheats
Victory
Defeat
🇩🇪 Teutons · Germany
898
+14
🇨🇴 Mongols · Colombia
867
+15
🇧🇷 Franks · Brazil
866
+15
🇩🇪 Khmer · Germany
839
+16
🇨🇳 Persians · China
879
-37
🇪🇸 Teutons · Spain
866
-15
🇨🇳 Shu · China
839
-21
🇨🇳 Tatars · China
825
-14
氕氘氚
13:24 Feudal Age
14:28 Horse Collar
21:47 Wheelbarrow
21:30 Double-Bit Axe
22:26 Padded Archer Armor
22:17 Fletching
23:15 Loom
29:03 Castle Age
29:07 Pikeman
30:12 Scale Barding Armor
30:19 Forging
30:13 Scale Mail Armor
30:26 Pikeman
52:21 Crossbowman
55:22 Hand Cart
FRANSITO14
11:40 Feudal Age
11:21 Loom
12:48 Double-Bit Axe
12:46 Horse Collar
12:53 Arson
13:05 Town Watch
13:31 Man-at-Arms
15:09 Wheelbarrow
14:30 Gold Mining
15:49 Forging
16:17 Arson
22:27 Castle Age
21:14 Stone Mining
21:30 Scale Mail Armor
21:23 Fletching
23:20 Bow Saw
24:01 Gambesons
25:34 Iron Casting
24:32 Long Swordsman
25:12 Squires
26:05 Stone Shaft Mining
27:46 Chain Mail Armor
28:06 Redemption
28:36 Fervor
29:17 Hand Cart
30:42 Sanctity
30:55 Town Patrol
31:58 Ballistics
32:43 Masonry
38:12 Imperial Age
37:18 Ironclad
37:55 Caravan
38:28 Coinage
39:16 Conscription
39:11 Heavy Plow
41:33 Two-Man Saw
40:22 Capped Ram
41:29 Elite Teutonic Knight
43:31 Blast Furnace
43:28 Crop Rotation
43:38 Plate Mail Armor
46:51 Bodkin Arrow
47:58 Chemistry
2016809064
10:51 Feudal Age
17:51 Castle Age
21:39 Double-Bit Axe
23:45 Horse Collar
27:19 Bow Saw
28:36 Heavy Plow
32:00 Gold Mining
33:52 Kamandaran
37:50 Imperial Age
35:46 Pikeman
36:43 Forging
36:38 Scale Barding Armor
38:21 Coinage
38:36 Gold Shaft Mining
37:32 Elite War Elephant
38:14 Fletching
39:01 Iron Casting
37:54 Crossbowman
41:10 Banking
43:13 Blast Furnace
42:33 Chain Barding Armor
42:12 Bodkin Arrow
48:15 Plate Barding Armor
47:41 Scale Mail Armor
看天气
0:31 Loom
13:31 Feudal Age
14:52 Wheelbarrow
13:59 Horse Collar
14:05 Double-Bit Axe
21:10 Castle Age
19:06 Town Watch
20:12 Gold Mining
20:13 Stone Mining
21:30 Bloodlines
21:35 Forging
21:31 Scale Barding Armor
22:35 Heavy Plow
23:12 Bow Saw
23:18 Light Cavalry
24:18 Husbandry
25:14 Fervor
26:22 Chain Barding Armor
27:49 Hand Cart
29:15 Iron Casting
28:30 Fletching
30:24 Treadmill Crane
30:58 Fortified Wall
32:09 Town Patrol
32:28 Bodkin Arrow
33:13 Silk Armor
37:08 Imperial Age
35:46 Gold Shaft Mining
38:01 Ballistics
37:43 Padded Archer Armor
38:34 Conscription
37:36 Elite Keshik
38:42 Murder Holes
39:48 Chemistry
41:00 Guilds
40:37 Heavy Cavalry Archer
41:45 Masonry
43:14 Bracer
43:31 Leather Archer Armor
43:52 Plate Barding Armor
44:18 Blast Furnace
45:08 Caravan
45:22 Timurid Siegecraft
46:08 Crop Rotation
46:16 Devotion
Jundi
2:37 Loom
11:30 Feudal Age
11:42 Feudal Age
13:50 Double-Bit Axe
13:52 Horse Collar
18:10 Castle Age
17:13 Gold Mining
17:15 Stone Mining
21:48 Stone Shaft Mining
22:46 Bow Saw
24:04 Gold Shaft Mining
25:29 Wheelbarrow
30:43 Fletching
31:27 Nomads
31:39 Bodkin Arrow
31:44 Padded Archer Armor
33:28 Ballistics
33:04 Murder Holes
36:35 Husbandry
36:46 Bloodlines
37:24 Hand Cart
41:28 Imperial Age
40:00 Forging
40:06 Leather Archer Armor
39:57 Scale Barding Armor
40:11 Heavy Plow
42:16 Iron Casting
41:33 Elite Steppe Lancer
42:48 Heavy Camel Rider
47:22 Blast Furnace
46:43 Chain Barding Armor
46:24 Bracer
50:39 Chemistry
49:50 Masonry
52:32 Elite Mangudai
53:34 Conscription
53:35 Drill
54:26 Cavalier
Ronk999
11:16 Feudal Age
9:33 Loom
15:19 Castle Age
13:45 Double-Bit Axe
14:29 Horse Collar
19:18 Scale Mail Armor
19:14 Gold Mining
19:54 Pikeman
25:25 Chain Mail Armor
25:42 Stone Mining
27:49 Wheelbarrow
27:49 Bow Saw
28:57 Stone Shaft Mining
28:34 Squires
29:50 Heavy Plow
31:28 Forging
31:09 Town Watch
32:24 Hand Cart
33:09 Fletching
36:46 Imperial Age
35:18 Arson
36:09 Iron Casting
36:23 Town Patrol
37:01 Capped Ram
38:53 Two-Man Saw
38:24 Crop Rotation
38:26 Plate Mail Armor
38:20 Elite Teutonic Knight
41:00 Chemistry
40:21 Ballistics
41:05 Blast Furnace
42:27 Conscription
44:17 Conscription
45:13 Fletching
46:21 Ironclad
47:40 Scale Barding Armor
drdiegogusmao
2:17 Loom
11:01 Feudal Age
11:52 Double-Bit Axe
12:00 Stone Mining
20:35 Fletching
21:33 Padded Archer Armor
21:44 Forging
Matambo
12:07 Feudal Age
12:29 Loom
13:27 Double-Bit Axe
17:45 Castle Age
15:39 Horse Collar
18:53 Husbandry
19:05 Bloodlines
20:02 Scale Barding Armor
23:10 Forging
25:18 Wheelbarrow
25:02 Bow Saw
26:49 Gold Mining
27:28 Chain Barding Armor
29:04 Iron Casting
32:19 Hand Cart
37:39 Imperial Age
36:39 Stone Mining
37:27 Gold Shaft Mining
37:48 Ballistics
38:39 Heavy Scorpion
40:31 Chemistry
39:39 Padded Archer Armor
39:30 Fletching
43:27 Heavy Plow
45:30 Double Crossbow
45:52 Conscription
45:56 Leather Archer Armor
45:37 Bodkin Arrow
45:41 Capped Ram
47:04 Siege Ram
50:05 Siege Ram
52:03 Stone Shaft Mining
Connection lost

Rejoining the realm…

Still unreachable

The connection could not be restored.

Session expired

The server has moved on; the page needs a fresh start.